TOP OF THE 1ST |
Binghamton Mets batting - Pitching for Hartford Yard Goats : LHP Kyle Mearkle
|
Pitching: LHP Kyle Mearkle
|
|
Batting: RHB Elias Urbina
|
0-0: Ball 1-0: Called Strike 1-1: Ground out 1-3 (Groundball, 13S, EV 65.6 MPH)
|
Batting: RHB Jose Lara
|
0-0: Ball 1-0: Called Strike 1-1: Called Strike 1-2: Ball 2-2: Foul Ball, location: 2F 2-2: Ball 3-2: Base on Balls
|
Batting: SHB Masatoshi Akahoshi
|
0-0: Ball 1-0: Ball 2-0: Called Strike 2-1: Ball 3-1: Foul Ball, location: 2F 3-2: Base on Balls Jose Lara to second
|
Batting: LHB Tony Leyba
|
0-0: Ball 1-0: Foul Ball, location: 2F 1-1: Called Strike 1-2: Ball 2-2: Foul Ball, location: 2F 2-2: Strikes out looking
|
Batting: LHB Bayesa Mundhir
|
0-0: Called Strike 0-1: Fly out, F7 (Flyball, 78XD, EV 87.5 MPH)
|
Top of the 1st over - 0 runs, 0 hits, 0 errors, 2 left on base; Binghamton 0 - Hartford 0 |
BOTTOM OF THE 1ST |
Hartford Yard Goats batting - Pitching for Binghamton Mets : LHP Bubba Fields
|
Pitching: LHP Bubba Fields
|
|
Batting: RHB Chris Osting
|
0-0: Ball 1-0: Called Strike 1-1: Ball 2-1: Ball 3-1: Foul Ball, location: 2F 3-2: DOUBLE (Line Drive, 7LS, EV 106.2 MPH)
|
Batting: SHB Bobby Santor
|
0-0: Swinging Strike 0-1: Called Strike 0-2: Ball 1-2: Foul Ball, location: 2F 1-2: Strikes out swinging
|
Batting: LHB Luke Coulter
|
0-0: SINGLE (Groundball, 6M, EV 86.2 MPH) (infield hit) Chris Osting to third
|
Batting: SHB Cesar Arteaga
|
0-0: Swinging Strike 0-1: Ball 1-1: Ball 2-1: Ball 3-1: Base on Balls Luke Coulter to second
|
Batting: RHB Seth Daniel
|
0-0: Ball 1-0: Fielders Choice at 2nd, 5-4 (Groundball, 56S, EV 90.6 MPH) Chris Osting scores Luke Coulter to third
|
Batting: LHB Tomoya Hashimoto
|
0-0: Fly out, F7 (Flyball, 78M, EV 85.6 MPH)
|
Bottom of the 1st over - 1 run, 2 hits, 0 errors, 2 left on base; Binghamton 0 - Hartford 1 |
TOP OF THE 2ND |
Binghamton Mets batting - Pitching for Hartford Yard Goats : LHP Kyle Mearkle
|
Batting: RHB Oscar Bravo
|
0-0: Called Strike 0-1: Ball 1-1: Foul Ball, location: 2F 1-2: Strikes out looking
|
Batting: RHB Jordan Williams
|
0-0: Ball 1-0: Foul Ball, location: 2F 1-1: Foul Ball, location: 2F 1-2: Strikes out swinging
|
Batting: RHB Trent Hood
|
0-0: Called Strike 0-1: Foul Ball, location: 2F 0-2: Ball 1-2: Strikes out swinging
|
Top of the 2nd over - 0 runs, 0 hits, 0 errors, 0 left on base; Binghamton 0 - Hartford 1 |
BOTTOM OF THE 2ND |
Hartford Yard Goats batting - Pitching for Binghamton Mets : LHP Bubba Fields
|
Batting: RHB Justin Harris
|
0-0: Called Strike 0-1: Ball 1-1: Foul Ball, location: 2F 1-2: Ball 2-2: Ground out 5-3 (Groundball, 56, EV 86.9 MPH)
|
Batting: RHB Salvador Avina
|
0-0: Ball 1-0: Ball 2-0: Ball 3-0: Foul Ball, location: 2F 3-1: Reached on error, E1 (Groundball, 15S, EV 66.9 MPH)
|
Batting: LHB Seung-jun Chang
|
0-0: Ball 1-0: Ground out 5-3 (Groundball, 56, EV 86.2 MPH)
|
Batting: RHB Chris Osting
|
0-0: Ball 1-0: Foul Ball, location: 2F 1-1: Ball 2-1: Called Strike 2-2: Ball 3-2: SINGLE (Groundball, 5D, EV 99.4 MPH) Salvador Avina to third Runner from 3rd tries for Home, throw by LF and OUT! 7-2
|
Bottom of the 2nd over - 0 runs, 1 hit, 1 error, 1 left on base; Binghamton 0 - Hartford 1 |
TOP OF THE 3RD |
Binghamton Mets batting - Pitching for Hartford Yard Goats : LHP Kyle Mearkle
|
Batting: RHB Frank Shaw
|
0-0: Foul Ball, location: 2F 0-1: Ball 1-1: Ball 2-1: Foul Ball, location: 2F 2-2: Fly out, F7 (Flyball, 7D, EV 100.0 MPH)
|
Batting: RHB Elias Urbina
|
0-0: Foul Ball, location: 2F 0-1: Swinging Strike 0-2: Fly out, F8 (Flyball, 8RD, EV 100.6 MPH)
|
Batting: RHB Jose Lara
|
0-0: Fly out, F8 (Flyball, 8LD, EV 96.2 MPH)
|
Top of the 3rd over - 0 runs, 0 hits, 0 errors, 0 left on base; Binghamton 0 - Hartford 1 |
BOTTOM OF THE 3RD |
Hartford Yard Goats batting - Pitching for Binghamton Mets : LHP Bubba Fields
|
Batting: SHB Bobby Santor
|
0-0: Foul Ball, location: 2F 0-1: Foul Ball, location: 2F 0-2: Ball 1-2: DOUBLE (Line Drive, 7LS, EV 106.2 MPH)
|
Batting: LHB Luke Coulter
|
0-0: Called Strike 0-1: Called Strike 0-2: Ball 1-2: Strikes out swinging
|
Batting: SHB Cesar Arteaga
|
0-0: SINGLE (Groundball, 4M, EV 108.1 MPH) (infield hit) Bobby Santor to third
|
Batting: RHB Seth Daniel
|
0-0: Ball 1-0: Ball 2-0: Ball 3-0: Called Strike 3-1: Grounds into double play, 4-6-3 (Groundball, 4, EV 85.0 MPH)
|
Bottom of the 3rd over - 0 runs, 2 hits, 0 errors, 1 left on base; Binghamton 0 - Hartford 1 |
TOP OF THE 4TH |
Binghamton Mets batting - Pitching for Hartford Yard Goats : LHP Kyle Mearkle
|
Batting: SHB Masatoshi Akahoshi
|
0-0: Called Strike 0-1: Swinging Strike 0-2: Ball 1-2: Strikes out swinging
|
Batting: LHB Tony Leyba
|
0-0: Fly out, F7 (Flyball, 7D, EV 110.0 MPH)
|
Batting: LHB Bayesa Mundhir
|
0-0: Ball 1-0: Ball 2-0: SINGLE (Groundball, 34D, EV 105.0 MPH)
|
Batting: RHB Oscar Bravo
|
0-0: Called Strike 0-1: Ball 1-1: Ball 2-1: SINGLE (Line Drive, 5D, EV 103.8 MPH) Bayesa Mundhir to second
|
Batting: RHB Jordan Williams
|
0-0: Ball 1-0: Ball 2-0: Called Strike 2-1: Swinging Strike 2-2: Ball 3-2: Strikes out looking
|
Top of the 4th over - 0 runs, 2 hits, 0 errors, 2 left on base; Binghamton 0 - Hartford 1 |
BOTTOM OF THE 4TH |
Hartford Yard Goats batting - Pitching for Binghamton Mets : LHP Bubba Fields
|
Batting: LHB Tomoya Hashimoto
|
0-0: Swinging Strike 0-1: DOUBLE (Line Drive, 8LXD, EV 100.0 MPH)
|
Batting: RHB Justin Harris
|
0-0: Called Strike 0-1: Ground out 5-3 (Groundball, 56, EV 108.1 MPH)
|
Batting: RHB Salvador Avina
|
0-0: Ball 1-0: Ball 2-0: Called Strike 2-1: Ball 3-1: Base on Balls
|
Batting: LHB Seung-jun Chang
|
0-0: Ball 1-0: Ball 2-0: Swinging Strike 2-1: Foul Ball, location: 2F 2-2: Foul Ball, location: 2F 2-2: SINGLE (Groundball, 13S, EV 72.5 MPH) (infield hit) Tomoya Hashimoto to third Salvador Avina to second
|
Batting: RHB Chris Osting
|
0-0: Ball 1-0: Foul Ball, location: 2F 1-1: Swinging Strike 1-2: Ball 2-2: Foul Ball, location: 2F 2-2: Foul Ball, location: 2F 2-2: Foul Ball, location: 2F 2-2: Foul Ball, location: 2F 2-2: Strikes out looking
|
Batting: SHB Bobby Santor
|
0-0: Ball 1-0: Called Strike 1-1: Fielders Choice at 2nd, 6-4 (Groundball, 56, EV 86.9 MPH)
|
Bottom of the 4th over - 0 runs, 2 hits, 0 errors, 3 left on base; Binghamton 0 - Hartford 1 |
TOP OF THE 5TH |
Binghamton Mets batting - Pitching for Hartford Yard Goats : LHP Kyle Mearkle
|
Batting: RHB Trent Hood
|
0-0: Called Strike 0-1: Ball 1-1: Foul Ball, location: 2F 1-2: Ground out 4-3 (Groundball, 4M, EV 85.6 MPH)
|
Batting: RHB Frank Shaw
|
0-0: Foul Ball, location: 2F 0-1: Ball 1-1: Called Strike 1-2: Strikes out looking
|
Batting: RHB Elias Urbina
|
0-0: Swinging Strike 0-1: Ball 1-1: Ground out U3 (Groundball, 34, EV 106.2 MPH)
|
Top of the 5th over - 0 runs, 0 hits, 0 errors, 0 left on base; Binghamton 0 - Hartford 1 |
BOTTOM OF THE 5TH |
Hartford Yard Goats batting - Pitching for Binghamton Mets : LHP Bubba Fields
|
Batting: LHB Luke Coulter
|
0-0: Foul Ball, location: 2F 0-1: Ball 1-1: Ball 2-1: Fly out, F8 (Flyball, 8LD, EV 98.1 MPH)
|
Batting: SHB Cesar Arteaga
|
0-0: Called Strike 0-1: Ball 1-1: Ball 2-1: Called Strike 2-2: Foul Ball, location: 2F 2-2: Foul Ball, location: 2F 2-2: Reached on error, E5 (Groundball, 56, EV 100.6 MPH)
|
Batting: RHB Seth Daniel
|
0-0: Called Strike 0-1: Ball 1-1: Ball 2-1: Ball Pickoff Throw to First - Out! 1-3 3-1: Ground out 6-3 (Groundball, 6, EV 89.4 MPH)
|
Bottom of the 5th over - 0 runs, 0 hits, 1 error, 0 left on base; Binghamton 0 - Hartford 1 |
TOP OF THE 6TH |
Binghamton Mets batting - Pitching for Hartford Yard Goats : LHP Kyle Mearkle
|
Pitching: RHP Joe Schuler
|
|
Batting: RHB Jose Lara
|
0-0: Ground out 5-3 (Groundball, 5, EV 89.4 MPH)
|
Batting: SHB Masatoshi Akahoshi
|
0-0: Called Strike 0-1: Foul Ball, location: 2F 0-2: Ball 1-2: Ball 2-2: Strikes out swinging
|
Pitching: LHP Datu Callanta
|
|
Batting: LHB Tony Leyba
|
0-0: Called Strike 0-1: Ball 1-1: Ball 2-1: Called Strike 2-2: Ball 3-2: Strikes out looking
|
Top of the 6th over - 0 runs, 0 hits, 0 errors, 0 left on base; Binghamton 0 - Hartford 1 |
BOTTOM OF THE 6TH |
Hartford Yard Goats batting - Pitching for Binghamton Mets : LHP Bubba Fields
|
Pitching: RHP Edwin Velazquez
|
|
Batting: LHB Tomoya Hashimoto
|
0-0: Called Strike 0-1: Ball 1-1: Ball 2-1: Fly out, F9 (Line Drive, 89D, EV 85.6 MPH)
|
Batting: RHB Justin Harris
|
0-0: Foul Ball, location: 2F 0-1: Ball 1-1: Ball 2-1: DOUBLE (Line Drive, 3D, EV 94.4 MPH)
|
Pinch Runner at 2nd Iehohs Inatho:
|
|
Batting: RHB Salvador Avina
|
0-0: Called Strike 0-1: SINGLE (Groundball, 6D, EV 102.5 MPH) Iehohs Inatho to third
|
Batting: LHB Seung-jun Chang
|
0-0: Ball 1-0: Called Strike 1-1: Called Strike 1-2: Fielders Choice at 2nd, 1-6 (Groundball, 34S, EV 72.5 MPH)
|
Batting: RHB Chris Osting
|
0-0: Foul Ball, location: 2F 0-1: Ball 1-1: Ball 2-1: Fielders Choice at 2nd, 5-4 (Groundball, 5, EV 101.9 MPH)
|
Bottom of the 6th over - 0 runs, 2 hits, 0 errors, 2 left on base; Binghamton 0 - Hartford 1 |
TOP OF THE 7TH |
Binghamton Mets batting - Pitching for Hartford Yard Goats : LHP Datu Callanta
|
Pitching: RHP Dane Long
|
|
Now at C: Chris Rosinsky
|
|
Batting: LHB Bayesa Mundhir
|
0-0: Foul Ball, location: 2F 0-1: Ball 1-1: Swinging Strike 1-2: Ball 2-2: SINGLE (Groundball, 4MD, EV 101.2 MPH)
|
Batting: RHB Oscar Bravo
|
0-0: Ball 1-0: Bunted foul 1-1: Bunt missed! 1-2: Strikes out swinging
|
Batting: RHB Jordan Williams
|
0-0: Ball 1-0: Foul Ball, location: 2F 1-1: Ball 2-1: Foul Ball, location: 2F 2-2: Foul Ball, location: 2F 2-2: Ball 3-2: Strikes out swinging
|
Pitching: RHP Bruce Charles
|
|
Batting: RHB Trent Hood
|
0-0: Ball 1-0: Ball 2-0: Foul Ball, location: 2F 2-1: Called Strike 2-2: Foul Ball, location: 2F 2-2: Foul Ball, location: 2F 2-2: SINGLE (Groundball, 56D, EV 107.5 MPH) Bayesa Mundhir to second
|
Batting: RHB Frank Shaw
|
0-0: Ball 1-0: Ball 2-0: SINGLE (Line Drive, 6D, EV 96.9 MPH) Bayesa Mundhir to third Trent Hood to second Runner from 3rd tries for Home, throw by CF and OUT! 8-2
|
Top of the 7th over - 0 runs, 3 hits, 0 errors, 2 left on base; Binghamton 0 - Hartford 1 |
BOTTOM OF THE 7TH |
Hartford Yard Goats batting - Pitching for Binghamton Mets : RHP Edwin Velazquez
|
Batting: SHB Bobby Santor
|
0-0: Ball 1-0: DOUBLE (Flyball, 78XD, EV 99.4 MPH)
|
Batting: LHB Luke Coulter
|
0-0: Intentional Walk
|
Batting: SHB Cesar Arteaga
|
0-0: Foul Ball, location: 2F 0-1: Fly out, F9 (Flyball, 89S, EV 82.5 MPH)
|
Batting: RHB Seth Daniel
|
0-0: Called Strike 0-1: Foul Ball, location: 2F 0-2: Fly out, F4 (Flyball, 34D, EV 82.5 MPH)
|
Batting: LHB Tomoya Hashimoto
|
0-0: Ball 1-0: Swinging Strike 1-1: Ball 2-1: Fielders Choice at 2nd, 6-4 (Groundball, 6, EV 102.5 MPH)
|
Bottom of the 7th over - 0 runs, 1 hit, 0 errors, 2 left on base; Binghamton 0 - Hartford 1 |
TOP OF THE 8TH |
Binghamton Mets batting - Pitching for Hartford Yard Goats : RHP Bruce Charles
|
Pitching: RHP Larry Cassano
|
|
Now at 1B: Dave Cordero
|
|
Batting: RHB Elias Urbina
|
0-0: Ball 1-0: Called Strike 1-1: Ball 2-1: Foul Ball, location: 2F 2-2: Foul Ball, location: 2F 2-2: Foul Ball, location: 2F 2-2: Ground out 4-3 (Groundball, 4, EV 98.8 MPH)
|
Batting: RHB Jose Lara
|
0-0: Ball 1-0: DOUBLE (Flyball, 89XD, EV 96.2 MPH)
|
Pitching: RHP Davon Ware
|
|
Batting: SHB Masatoshi Akahoshi
|
0-0: Called Strike 0-1: Ball 1-1: Ground out U3 (Groundball, 3, EV 82.5 MPH) Jose Lara to third
|
Batting: LHB Tony Leyba
|
0-0: Swinging Strike 0-1: Swinging Strike 0-2: Ball 1-2: Strikes out swinging
|
Top of the 8th over - 0 runs, 1 hit, 0 errors, 1 left on base; Binghamton 0 - Hartford 1 |
BOTTOM OF THE 8TH |
Hartford Yard Goats batting - Pitching for Binghamton Mets : RHP Edwin Velazquez
|
Batting: RHB Chris Rosinsky
|
0-0: Ball 1-0: Ball 2-0: Ground out 6-3 (Groundball, 4MS, EV 83.1 MPH)
|
Batting: RHB Salvador Avina
|
0-0: Ball 1-0: Called Strike 1-1: Called Strike 1-2: Ground out 4-3 (Groundball, 4, EV 100.0 MPH)
|
Batting: LHB Seung-jun Chang
|
0-0: Called Strike 0-1: Ball 1-1: Foul Ball, location: 2F 1-2: Strikes out looking
|
Bottom of the 8th over - 0 runs, 0 hits, 0 errors, 0 left on base; Binghamton 0 - Hartford 1 |
TOP OF THE 9TH |
Binghamton Mets batting - Pitching for Hartford Yard Goats : RHP Davon Ware
|
Pitching: RHP Jim Micaletti
|
|
Batting: LHB Bayesa Mundhir
|
0-0: Foul Ball, location: 2F 0-1: Ball 1-1: Called Strike 1-2: Foul Ball, location: 2F 1-2: Strikes out swinging
|
Pinch Hitting: LHB Preston Knaak
|
0-0: Ball 1-0: SINGLE (Line Drive, 9S, EV 98.8 MPH)
|
Batting: RHB Jordan Williams
|
0-0: Called Strike 0-1: Foul Ball, location: 2F 0-2: Strikes out swinging
|
Batting: RHB Trent Hood
|
0-0: Ball 1-0: Foul Ball, location: 2F 1-1: Ball 2-1: Ball 3-1: Ground out 4-3 (Groundball, 4, EV 103.8 MPH)
|
Top of the 9th over - 0 runs, 1 hit, 0 errors, 1 left on base; Binghamton 0 - Hartford 1 |
|